 Dungeon Crawl Stone Soup version 0.26-a0-639-g72c4674329 (webtiles) character file.

Game seed: 815396931747354856

46926 Apogee the Thaumaturge (level 14, -16/120 HPs)
             Began as a Deep Elf Fire Elementalist on Sept 17, 2020.
             Was a High Priest of Vehumet.
             Killed from afar by Azrael (35 damage)
             ... with damnation
             ... on level 13 of the Dungeon.
             The game lasted 01:23:38 (33875 turns).

Apogee the Thaumaturge (DEFE)                      Turns: 33875, Time: 01:23:39

Health: -16/120    AC: 15    Str:  6    XL:     14   Next: 6%
Magic:  34/34      EV:  9    Int: 25    God:    Vehumet [*****.]
Gold:   2087       SH:  5    Dex: 15    Spells: 7/42 levels left

rFire    + + .     SeeInvis .   a - +5 spear (freeze)
rCold    + . .     Faith    .   G - +0 buckler
rNeg     + . .     Spirit   .   l - +0 pearl dragon scales
rPois    .         Reflect  .   Z - +0 helmet of the Playwright {rElec Stlth+} (curse)
rElec    +         Harm     .   T - scarf {rC+ rF+}
rCorr    .         Rampage  .   U - +0 pair of gloves
MR       +....                  (no boots)
Stlth    ..........             (no amulet)
HPRegen  0.30/turn              i - ring of protection from fire
MPRegen  0.24/turn              f - ring of wizardry

@: berserking, studying Hexes, very quick
A: no striking features
a: Renounce Religion


You were on level 13 of the Dungeon.
You worshipped Vehumet.
Vehumet was extremely pleased with you.
You visited 4 branches of the dungeon, and saw 20 of its levels.
You also visited: Ice Cave.

You collected 2087 gold pieces.

Inventory:

Hand Weapons
 a - a +5 spear of freezing (weapon)
   (You took it off a wight on level 7 of the Dungeon)
 X - the +8 great sword of Jaisow {vamp, *Noise rF+ Str+4 Dex+5}
   (You took it off an orc warrior on level 8 of the Dungeon)

   It inflicts no extra harm, but heals its wielder when it wounds a living foe.
   It affects your strength (+4).
   It affects your dexterity (+5).
   It protects you from fire.
   It may make noises in combat.
Missiles
 A - 618 stones (quivered)
 O - a throwing net {!f}
Armour
 l - +0 pearl dragon scales (worn)
   (You found it on level 12 of the Dungeon)
 G - a +0 buckler (worn)
   (You took it off a gnoll sergeant on level 9 of the Dungeon)
 T - a scarf of resistance (worn)
   (You found it on level 11 of the Dungeon)
 U - a +0 pair of gloves (worn)
   (You found it on level 1 of the Lair of Beasts)
 Z - the cursed +0 helmet of the Playwright (worn) {rElec Stlth+}
   (You found it on level 8 of the Dungeon)

   It insulates you from electricity.
   It makes you more stealthy.
   It has a curse placed upon it.
Magical Staves
 b - an uncursed staff of conjuration {!a}
   (You acquired it on level 5 of the Lair of Beasts)
Jewellery
 e - an uncursed ring of flight
   (You found it on level 1 of the Dungeon)
 f - a ring of wizardry (right hand)
   (You found it on level 1 of the Dungeon)
 i - a ring of protection from fire (left hand)
   (You found it on level 4 of the Lair of Beasts)
 j - an uncursed ring of resist corrosion
   (You found it on level 2 of the Dungeon)
 z - an uncursed ring of see invisible
   (You found it on level 7 of the Dungeon)
 F - an uncursed ring of poison resistance
   (You found it on level 6 of the Dungeon)
 M - an uncursed ring of ice
   (You found it on level 8 of the Dungeon)
 R - an uncursed amulet of guardian spirit
   (You found it on level 10 of the Dungeon)
 S - an uncursed ring of magical power {unknown}
   (You found it on level 10 of the Dungeon)
Wands
 d - a wand of iceblast (24)
   (You took it off Ijyb on level 5 of the Dungeon)
 t - a wand of flame (17)
   (You found it on level 3 of the Dungeon)
 u - a wand of paralysis (21)
   (You found it on level 5 of the Dungeon)
 v - a wand of digging (5)
   (You found it on level 1 of the Lair of Beasts)
 x - a wand of acid (12)
   (You found it on level 6 of the Dungeon)
 J - a wand of polymorph (13)
   (You found it on level 7 of the Dungeon)
Scrolls
 c - 2 scrolls of silence
 g - a scroll of fear
 k - 8 scrolls of enchant armour
 m - 8 scrolls of teleportation {@r4}
 w - 4 scrolls of noise {!r}
 y - 3 scrolls of amnesia
 C - 3 scrolls of enchant weapon
 D - 4 scrolls of magic mapping
 E - 4 scrolls of immolation {!r}
 L - a scroll of blinking {unknown}
 N - 4 scrolls of random uselessness
 P - 2 scrolls of identify {@r1}
 V - 4 scrolls of remove curse {@r2}
Potions
 h - 2 potions of might
 n - 2 potions of resistance
 o - 4 potions of stabbing
 p - 2 potions of cancellation
 q - 7 potions of curing {@q1}
 r - 3 potions of haste {@q3}
 s - a potion of invisibility {unknown}
 I - a potion of lignification {unknown}
 K - 12 potions of ambrosia
 Q - 2 potions of magic
 W - a potion of heal wounds {@q2}
 Y - 2 potions of mutation {unknown}
Books
 H - a manual of Hexes {!d}
   (You found it on level 7 of the Dungeon)


   Skills:
 - Level 6.9 Fighting
 - Level 5.0 Polearms
 + Level 5.8 Armour
 - Level 10.0 Dodging
 - Level 2.4 Stealth
 - Level 5.0 Shields
 + Level 14.7 Spellcasting
 - Level 10.0 Conjurations
 - Level 4.0 Hexes
 - Level 4.0 Translocations
 - Level 10.0 Fire Magic
 + Level 6.4 Earth Magic
 - Level 4.0 Poison Magic


You had 7 spell levels left.
You knew the following spells:

 Your Spells              Type           Power        Failure   Level
a - Foxfire               Conj/Fire      ####         1%          1
b - Blink                 Tloc           N/A          8%          2
c - Iron Shot             Conj/Erth      ######....   30%         6
d - Tukima's Dance        Hex            #####...     14%         3
e - Ignite Poison         Fire/Tmut/Pois #####...     3%          3
i - Iskenderun's Battles  Conj           ######..     3%          5
q - Sticky Flame          Conj/Fire      ######..     1%          4
s - Slow                  Hex            #####...     8%          2
x - Fireball              Conj/Fire      ######....   3%          5
y - Olgreb's Toxic Radia  Pois           #####...     13%         4

Your spell library contained the following spells:

 Spells                   Type           Power        Failure   Level
 Conjure Ball Lightning   Conj/Air       #####.....   69%         6
 Magic Dart               Conj           ####         1%          1
 Conjure Flame            Conj/Fire      ######..     1%          3
 Dazzling Flash           Conj/Hex       ######       1%          3
 Inner Flame              Hex/Fire       ######..     1%          3
 Mephitic Cloud           Conj/Pois/Air  #####...     3%          3
 Corona                   Hex            #####..      4%          1
 Bolt of Magma            Conj/Fire/Erth ######....   5%          5
 Sting                    Tmut/Pois      ####         11%         1
 Confusing Touch          Hex            #####...     14%         3
 Portal Projectile        Hex/Tloc       #####.       14%         3
 Ensorcelled Hibernation  Hex/Ice        ####..       16%         2
 Poisonous Vapours        Pois/Air       ####..       16%         2
 Beastly Appendage        Tmut           ###...       24%         1
 Leda's Liquefaction      Hex/Erth       #####.....   26%         4
 Spider Form              Tmut/Pois      ####......   32%         3
 Call Imp                 Summ           ###.....     34%         2
 Wereblood                Tmut           ###.....     34%         2
 Cause Fear               Hex            #####.....   41%         4
 Orb of Destruction       Conj           ######....   58%         7
 Freezing Cloud           Conj/Ice/Air   #####.....   86%         6
 Ice Form                 Ice/Tmut       ###.....     91%         4
 Blade Hands              Tmut           ###.......   99%         5
 Spellforged Servitor     Conj/Summ      #####.....   99%         7


Dungeon Overview and Level Annotations

Branches:
Dungeon (13/15)            Temple (1/1) D:5            Lair (5/6) D:11
  Swamp (0/4) Lair:3        Snake (0/4) Lair:4        Slime (0/5) Lair:5
    Orc (1/2) D:9           IceCv (visited)
 Vaults: D:13-14

Altars:
Ashenzari
Cheibriados
Dithmenos
Elyvilon
Fedhas
Gozag
Hepliaklqana
Kikubaaqudgha
Makhleb
Nemelex Xobeh
Okawaru
Qazlal
Ru
Sif Muna
Trog
Uskayaw
Vehumet
Wu Jian
Xom
Yredelemnul
Zin
The Shining One
Beogh

Shops:
D:11 :   D:12 *

Annotations:
D:5 1 runed translucent door, Crazy Yiuf
D:13 Azrael
Lair:1 2 transporters, Xedacum's ghost, novice MiBe
Lair:5 exclusion: 2 oklob plants


Message History

Azrael seems to slow down.
Azrael gestures at you.
The fireball explodes!
The fireball engulfs you. You resist.
You see here 6 arrows.
You hit Azrael. You freeze Azrael. You hit Azrael but do no damage.
Azrael hits you.
You hit Azrael. You freeze Azrael. You hit Azrael. You freeze Azrael.
Azrael gestures at you.
The fireball explodes!
The fireball engulfs you! You resist.
The fireball engulfs Azrael.
Azrael completely resists.
You hit Azrael. You freeze Azrael. You hit Azrael. You freeze Azrael.
Azrael misses you.
You hit Azrael. You freeze Azrael.
Your pearl dragon scales prevents you from hitting Azrael.
Azrael barely misses you.
You hit Azrael. You freeze Azrael. You hit Azrael but do no damage.
Azrael hits you but does no damage.
You hit Azrael but do no damage. Azrael closely misses you.
You hit Azrael. You freeze Azrael. You barely miss Azrael.
Azrael closely misses you.
You hit Azrael. You freeze Azrael. You hit Azrael. You freeze Azrael.
You hit Azrael. You freeze Azrael. Azrael gestures at you.
The sphere of damnation explodes!
The damnation engulfs you!!
* * * LOW HITPOINT WARNING * * *
The damnation engulfs Azrael.
Azrael completely resists.
A red film seems to cover your vision as you go berserk!
You feel yourself moving faster!
You feel mighty!
You are too injured to fight recklessly!
You are too injured to fight recklessly!
You hit Azrael but do no damage. Azrael gestures at you.
The sphere of damnation explodes!
The damnation engulfs you!!
* * * LOW HITPOINT WARNING * * *
The damnation engulfs Azrael.
Azrael completely resists.
You hit Azrael. You freeze Azrael. You hit Azrael. You freeze Azrael.
Your pearl dragon scales prevents you from hitting Azrael.
You block Azrael's attack.
You hit Azrael. You freeze Azrael. You hit Azrael but do no damage.
Azrael hits you.
* * * LOW HITPOINT WARNING * * *
You hit Azrael but do no damage. You puncture Azrael! You freeze Azrael.
You puncture Azrael! You freeze Azrael. Azrael gestures at you.
The sphere of damnation explodes!
The damnation engulfs you!!
You die...

.....#........#§§§#
.....#........#§§§#
.....#......###§§§#
.....#.....○#...§.#
.....#.....○#.....#
.....#......#.....#
.....#......#.....#
.....##.....#..<..#######
......#.....'...@.......#
..†...#.....#...R.......#
......##'####...........#
........................#
.............#####......##
....>........# #.......#
.............#. #..(()..#
..########...#...###((...#
..#......#...#....R☼☼....#


You could see Azrael (slow).

Vanquished Creatures
  A frost giant (D:12)
  Erolcha (D:9)
  Harold (Orc:1)
  3 hydras
  A catoblepas (D:12)
  2 centaur warriors (D:13)
  A two-headed ogre (Orc:1)
  The ghost of donkeybrains the Cleaver, a novice MiBe of Trog (D:8)
  3 skeletal warriors (D:12)
  An unseen horror (D:10)
  An orc knight (Orc:1)
  4 ugly things
  An ice statue (IceCv)
  2 black mambas
  6 elephants (Lair:5)
  A gargoyle (D:13)
  5 cane toads
  5 komodo dragons
  A queen bee (Lair:1)
  3 polar bears
  4 trolls
  A wolf spider simulacrum (D:13)
  4 blink frogs (Lair:5)
  6 hippogriffs
  15 slime creatures
  A bog body (Lair:3)
  A hippogriff (shapeshifter) (D:13)
  2 vampires
  3 wraiths
  2 wyverns
  A water elemental (D:11)
  28 yaks
  Eustachio (D:5)
  3 fire elementals
  2 steam dragons
  Menkaure (D:5)
  A soldier ant (D:13)
  A warg (Orc:1)
  2 swamp worms (Lair:3)
  9 water moccasins
  4 hell hounds
  11 orc warriors
  11 porcupines
  A black bear (D:12)
  8 ice beasts
  2 sky beasts
  A hornet zombie (D:9)
  3 phantoms
  13 wolves
  10 centaurs
  16 ogres
  11 crocodiles
  5 big kobolds
  16 bullfrogs
  3 gnoll sergeants (D:9)
  A wyvern skeleton (D:13)
  4 scorpions
  34 killer bees
  3 electric eels
  9 wights
  A howler monkey (D:11)
  2 centaur zombies
  4 bullfrog zombies
  5 hounds
  3 quasits
  13 orc priests
  9 jellies
  21 orc wizards
  2 bullfrog skeletons
  A centaur skeleton (D:4)
  An iguana (D:11)
  Ijyb (D:5)
  10 worker ants
  2 hound skeletons
  Robin (D:4)
  A worker ant zombie (D:6)
  19 gnolls
  12 adders
  2 shadow imps (D:5)
  A white imp (D:10)
  4 ufetubi
  13 oozes
  4 worms
  2 adder skeletons
  2 dart slugs
  4 leopard geckos
  64 orcs
  3 ball pythons
  7 giant cockroaches
  9 hobgoblins
  18 jackals
  4 quokkas
  4 bats
  5 frilled lizards
  28 goblins
  18 kobolds
  A leopard gecko skeleton (D:5)
  A quokka zombie (D:6)
  6 rats
606 creatures vanquished.

Vanquished Creatures (collateral kills)
  A bullfrog skeleton (D:11)
  13 foxfires
14 creatures vanquished.

Vanquished Creatures (others)
  A centaur zombie (D:13)
  A dancing weapon (D:13)
  4 bushes (Lair:4)
  1204 foxfires
  47 fungi
  42 plants
1299 creatures vanquished.

Grand Total: 1919 creatures vanquished

Notes
Turn   | Place    | Note
-------+----------+-------------------------------------------
     0 | D:1      | Apogee the Deep Elf Fire Elementalist began the quest for
                  | the Orb.
     0 | D:1      | Reached XP level 1. HP: 10/10 MP: 6/6
    88 | D:1      | Reached XP level 2. HP: 15/15 MP: 1/8
   813 | D:1      | Reached XP level 3. HP: 19/19 MP: 6/10
  1407 | D:2      | Reached skill level 4 in Spellcasting
  2261 | D:3      | Reached XP level 4. HP: 24/24 MP: 6/12
  3368 | D:4      | Reached skill level 5 in Spellcasting
  3368 | D:4      | Reached XP level 5. HP: 20/28 MP: 6/14
  3374 | D:4      | Learned a level 4 spell: Sticky Flame
  3883 | D:4      | Reached skill level 5 in Fire Magic
  3886 | D:4      | Noticed Robin
  3892 | D:4      | Killed Robin
  3892 | D:4      | Reached XP level 6. HP: 32/32 MP: 4/16
  4566 | D:5      | Entered Level 5 of the Dungeon
  4570 | D:5      | Reached skill level 6 in Spellcasting
  4684 | D:5      | Found a staircase to the Ecumenical Temple.
  4691 | D:5      | Reached XP level 7. HP: 29/36 MP: 13/18
  4699 | D:5      | Learned a level 2 spell: Blink
  4703 | D:5      | Learned a level 3 spell: Mephitic Cloud
  4705 | Temple   | Entered the Ecumenical Temple
  5010 | Temple   | Became a worshipper of Vehumet
  5520 | D:5      | Reached skill level 5 in Conjurations
  5756 | D:5      | Noticed Eustachio
  5763 | D:5      | Killed Eustachio
  5763 | D:5      | Reached skill level 7 in Spellcasting
  5878 | D:5      | Noticed Ijyb
  5883 | D:5      | Killed Ijyb
  6234 | D:5      | Noticed Menkaure
  6241 | D:5      | Killed Menkaure
  6241 | D:5      | Reached XP level 8. HP: 23/41 MP: 13/21
  6427 | D:5      | Reached * piety under Vehumet
  6427 | D:5      | Offered knowledge of Sandblast by Vehumet.
  6427 | D:5      | Reached skill level 8 in Spellcasting
  6629 | D:5      | Found a hide-covered altar of Uskayaw.
  6632 | D:5      | Noticed a +0 dagger
  6632 | D:5      | Noticed a +0 hand axe
  6733 | D:5      | Found a runed translucent door.
  6734 | D:5      | Noticed Crazy Yiuf
  7866 | D:6      | Found a hazy altar of Hepliaklqana.
  7867 | D:6      | Found a shimmering altar of Xom.
  7868 | D:6      | Noticed a spectral ugly thing
  8674 | D:6      | Learned a level 5 spell: Fireball
  8677 | D:6      | Learned a level 2 spell: Slow
  8680 | D:6      | Learned a level 2 spell: Call Imp
  8744 | D:7      | Found an ancient bone altar of Kikubaaqudgha.
  9202 | D:7      | Found a shimmering blue altar of Sif Muna.
  9407 | D:7      | Reached skill level 9 in Spellcasting
  9788 | D:7      | Found an ornate altar of the Wu Jian Council.
  9816 | D:7      | Found a glowing silver altar of Zin.
  9919 | D:7      | Reached XP level 9. HP: 45/45 MP: 16/24
 10025 | D:7      | Reached skill level 1 in Polearms
 10329 | D:7      | Offered knowledge of Shock by Vehumet.
 10333 | D:7      | Reached ** piety under Vehumet
 11117 | D:8      | Reached skill level 1 in Fighting
 11298 | D:8      | Found a runed translucent gate.
 11298 | D:8      | Found a runed translucent gate.
 11298 | D:8      | Found a runed translucent gate.
 11298 | D:8      | Noticed donkeybrains's ghost (novice MiBe)
 11304 | D:8      | Found a roughly hewn altar of Beogh.
 11304 | D:8      | Identified the +8 great sword of Jaisow {vamp, *Noise rF+
                  | Str+4 Dex+5}
 11304 | D:8      | Identified the +1 plate armour of the Blacksmith {rF- rC+++
                  | rCorr Int+5}
 11352 | D:8      | Reached skill level 10 in Spellcasting
 12133 | D:8      | Found a bloodstained altar of Trog.
 12912 | D:9      | Found an opulent altar of Gozag.
 12928 | D:9      | Found an iron altar of Okawaru.
 13191 | D:9      | Reached XP level 10. HP: 53/53 MP: 16/26
 13264 | D:9      | Offered knowledge of Static Discharge by Vehumet.
 13498 | D:9      | Found a staircase to the Orcish Mines.
 13511 | D:9      | Reached skill level 10 in Fire Magic
 13541 | D:9      | Reached *** piety under Vehumet
 13711 | D:9      | Reached skill level 10 in Conjurations
 13887 | D:9      | Learned a level 3 spell: Tukima's Dance
 14099 | D:9      | Noticed Erolcha
 14102 | D:9      | Killed Erolcha
 14503 | D:9      | Learned a level 4 spell: Olgreb's Toxic Radiance
 14507 | D:9      | Learned a level 3 spell: Ignite Poison
 14631 | D:9      | Found a glowing golden altar of the Shining One.
 14645 | D:9      | Found a sparkling altar of Nemelex Xobeh.
 14821 | Orc:1    | Entered Level 1 of the Orcish Mines
 14821 | Orc:1    | Noticed a two-headed ogre
 14825 | Orc:1    | Offered knowledge of Hailstorm by Vehumet.
 14828 | Orc:1    | Killed a two-headed ogre
 14839 | Orc:1    | Reached XP level 11. HP: 53/57 MP: 2/27
 15017 | Orc:1    | Noticed Harold
 15025 | Orc:1    | Killed Harold
 15025 | Orc:1    | Reached skill level 10 in Dodging
 15027 | Orc:1    | Reached **** piety under Vehumet
 15161 | Orc:1    | Offered knowledge of Stone Arrow by Vehumet.
 15667 | Orc:1    | Noticed an orc knight
 15677 | Orc:1    | Killed an orc knight
 16115 | D:10     | Entered Level 10 of the Dungeon
 16256 | D:10     | Noticed a seven-headed hydra
 16263 | D:10     | Killed a seven-headed hydra
 16403 | D:10     | Reached ***** piety under Vehumet
 16410 | D:10     | Offered knowledge of Bolt of Magma by Vehumet.
 16524 | D:10     | Noticed an unseen horror
 16526 | D:10     | Killed an unseen horror
 16586 | D:10     | Got a steaming copper ring
 16588 | D:10     | Identified the ring "Kuram" {Dex+6 Stlth-} (You found it on
                  | level 10 of the Dungeon)
 17802 | D:11     | Found Cinysul's Book Shop.
 17803 | D:11     | Noticed a red ugly thing
 18444 | D:11     | Killed a red ugly thing
 18444 | D:11     | Reached skill level 5 in Polearms
 18691 | D:11     | Reached skill level 5 in Fighting
 18831 | D:11     | Reached skill level 11 in Spellcasting
 19075 | D:11     | Found a staircase to the Lair.
 19548 | D:12     | Found a frozen archway.
 19555 | IceCv    | Entered an ice cave
 19555 | IceCv    | Noticed a white ugly thing
 19566 | IceCv    | Found a transporter.
 19571 | IceCv    | Killed a white ugly thing
 19571 | IceCv    | Reached XP level 12. HP: 10/69 MP: 4/29
 19865 | IceCv    | Learned a level 4 spell: Ice Form
 19872 | IceCv    | Found a transporter.
 20443 | D:12     | Reached skill level 12 in Spellcasting
 20542 | D:12     | Noticed a catoblepas
 20565 | D:12     | Killed a catoblepas
 20957 | D:12     | HP: 3/71 [skeletal warrior/+0 battleaxe[a skeletal warrior]
                  | (23)]
 20961 | D:12     | Reached skill level 1 in Translocations
 20961 | D:12     | Reached skill level 1 in Poison Magic
 21292 | D:12     | Noticed a frost giant
 21297 | D:12     | Killed a frost giant
 21443 | D:13     | Noticed Azrael
 21818 | D:12     | Found Kushof's General Store.
 22078 | Lair:1   | Entered Level 1 of the Lair of Beasts
 22079 | Lair:1   | Noticed a five-headed hydra
 22282 | Lair:1   | Killed a five-headed hydra
 22282 | Lair:1   | Reached skill level 1 in Shields
 22282 | Lair:1   | Offered knowledge of Lightning Bolt by Vehumet.
 22282 | Lair:1   | Reached skill level 1 in Armour
 23570 | Lair:1   | Found a transporter.
 23574 | Lair:1   | Found a transporter.
 23574 | Lair:1   | Noticed Xedacum's ghost (novice MiBe)
 24231 | Lair:2   | Reached skill level 1 in Hexes
 24765 | Lair:2   | Offered knowledge of Freezing Cloud by Vehumet.
 24765 | Lair:2   | Reached XP level 13. HP: 76/76 MP: 26/31
 24773 | Lair:2   | Learned a level 6 spell: Freezing Cloud
 25036 | Lair:2   | Learned a level 5 spell: Iskenderun's Battlesphere
 25343 | Lair:3   | Reached skill level 13 in Spellcasting
 25409 | Lair:3   | Learned a level 6 spell: Iron Shot
 25974 | Lair:3   | Reached skill level 1 in Earth Magic
 26300 | Lair:3   | Found a staircase to the Swamp.
 27024 | Lair:4   | Reached skill level 5 in Shields
 27355 | Lair:4   | Found a staircase to the Snake Pit.
 28294 | D:8      | Killed donkeybrains's ghost
 28327 | D:8      | Got a shimmering helmet
 28338 | D:8      | Identified the cursed +0 helmet of the Playwright {rElec
                  | Stlth+} (You found it on level 8 of the Dungeon)
 29160 | Lair:5   | Found a staircase to the Slime Pits.
 29161 | Lair:5   | HP: 2/76 [acid (13)]
 29541 | Lair:5   | Reached skill level 14 in Spellcasting
 30072 | Lair:5   | Identified a scroll of acquirement
 30073 | Lair:5   | Acquired an uncursed staff of conjuration
 30416 | D:12     | Reached skill level 5 in Earth Magic
 30477 | D:12     | Reached skill level 5 in Armour
 32303 | D:13     | Offered knowledge of Conjure Ball Lightning by Vehumet.
 32522 | D:13     | Reached XP level 14. HP: 19/80 MP: 9/34
 33144 | D:13     | Noticed a war gargoyle
 33875 | D:13     | Killed from afar by Azrael

Illustrated notes

Levels and vault maps discovered:
D:1:      evilmike_arrival_plus, layout_basic
D:2:      layout_loops_ring, feat_on_display
D:3:      layout_loops_cross, st_stairs_9
D:4:      layout_cave_pools, minivault_25, uniq_robin
D:5:      mumra_celtic_spiral_tile, layout_layer_cave, dancing_weapons_uskayaw,
          minmay_temple_entry_offerings, minmay_ogre_servants, uniq_menkaure,
          uniq_ijyb, uniq_eustachio, uniq_crazy_yiuf_cottage
D:6:      layout_basic, regret_index_temple_of_mockery,
          small_statue_intersection
D:7:      minmay_opposing_rooms, layout_loops_ring, lemuel_blue_sif_altar,
          nicolae_overflow_crystal_walls, lemuel_doored_altar,
          nicolae_overflow_hidden_temple, minmay_manual_mail
D:8:      layout_loops_corners, lemuel_coloured_pillars_altar,
          biasface_ghost_orc_armoury, chequers_garden
D:9:      layout_roguey, nicolae_overflow_quartered_altars,
          kennysheep_orc_monster_closet_entryway, uniq_erolcha
D:10:     layout_layer_cave, minmay_checkerbox
D:11:     layout_rooms, erik_lair_island, serial_shops, shop,
          chequers_serial_rivers_small_3
D:12:     kennysheep_funnel, layout_long_grid, portal_ice_cave_entry_pillars_2,
          kennysheep_windowed_goal
D:13:     gargoyle_guard, layout_irregular_city, statue_in_the_mist_lemuel,
          uniq_azrael
Temple:   dpeg_chambers_temple
Lair:1:   lemuel_slime, layout_gridlike, special_room [special_room_bee],
          gammafunk_ghost_hive, cheibrodos_lair_lostbears
Lair:2:   layout_long_grid
Lair:3:   layout_long_grid, nicolae_swamp_entry_splash_gauntlet
Lair:4:   layout_cave_pods, dummy_snake_entry, minmay_hedge_maze
Lair:5:   layout_loops_ring, minmay_slime_entry_oklob_open,
          kennysheep_catoblepas_arena, lemuel_fruit_tree, uniq_sonja
Orc:1:    layout_caves, enter_bailey_7, serial_shops, minmay_orc_keep,
          uniq_harold

Skill      XL: |  1  2  3  4  5  6  7  8  9 10 11 12 13 |
---------------+----------------------------------------+-----
Conjurations   | 2 3 4 6 7 8 10 | 10.0
Spellcasting   | 4 5 6 7 9 10 11 12 14 | 14.7
Fire Magic     | 4 5 6 8 9 10 | 10.0
Polearms       | 3 5 |  5.0
Fighting       | 2 5 6 |  6.9
Dodging        | 9 10 | 10.0
Translocations | 4 |  4.0
Poison Magic   | 4 |  4.0
Shields        | 3 5 |  5.0
Armour         | 2 5 |  5.8
Hexes          | 2 4 |  4.0
Earth Magic    | 6 |  6.4
Stealth        | |  2.4

Action                   |  1- 3 |  4- 6 |  7- 9 | 10-12 | 13-15 || total
-------------------------+-------+-------+-------+-------+-------++-------
Melee: Club              |     5 |       |       |       |       ||     5
       Dagger            |     3 |     5 |     9 |       |       ||    17
       Spear             |       |       |    65 |   200 |   183 ||   448
 Cast: Foxfire           |   111 |   139 |   175 |   194 |   139 ||   758
       Sticky Flame      |       |     5 |    44 |    78 |    59 ||   186
       Mephitic Cloud    |       |       |     5 |     3 |       ||     8
       Call Imp          |       |       |     8 |     6 |       ||    14
       Fireball          |       |       |    14 |    94 |    38 ||   146
       Slow              |       |       |     1 |    10 |    25 ||    36
       Olgreb's Toxic Ra |       |       |       |    31 |    20 ||    51
       Ignite Poison     |       |       |       |    22 |    10 ||    32
       Tukima's Dance    |       |       |       |     4 |     1 ||     5
       Blink             |       |       |       |    21 |     8 ||    29
       Ice Form          |       |       |       |     1 |       ||     1
       Iskenderun's Batt |       |       |       |       |    26 ||    26
Evoke: Wand              |       |       |       |     1 |     4 ||     5
  Use: Scroll            |       |       |    11 |     4 |    16 ||    31
       Potion            |       |       |       |     5 |     6 ||    11
 Stab: Sleeping          |     1 |       |     4 |     1 |     1 ||     7
       Confused          |       |       |     2 |       |       ||     2
       Distracted        |       |       |       |     1 |       ||     1
Armor: Robe              |     7 |     5 |     7 |    23 |       ||    42
       Pearl dragon scal |       |       |       |    45 |   127 ||   172
       Skin              |       |       |       |     1 |       ||     1
Dodge: Dodged            |    15 |    12 |    90 |   196 |    92 ||   405
Block: Buckler           |       |       |       |       |    65 ||    65

Table legend: (Time is in decaauts)
 A = Elapsed time spent in this place.
 B = Non-inter-level travel time spent in this place.
 C = Inter-level travel time spent in this place.
 D = Time resting spent in this place.
 E = Time spent auto-exploring this place.
 F = Levels seen in this place.
 G = Mean time per level.
                   A        B        C        D        E       F      G
               +--------+--------+--------+--------+--------+-----+--------+
         Total |  33848 |  32087 |   1761 |   9445 |  18117 |  21 | 1611.8 |
       Dungeon |  24695 |  23354 |   1341 |   7339 |  12697 |  13 | 1899.6 |
        Temple |    326 |    306 |     20 |      0 |    263 |   1 |  326.0 |
          Lair |   7465 |   7080 |    385 |   1652 |   4542 |   5 | 1493.0 |
  Orcish Mines |   1026 |   1011 |     15 |    176 |    614 |   1 | 1026.0 |
      Ice Cave |    334 |    334 |      0 |    277 |      0 |   1 |  334.0 |
               +--------+--------+--------+--------+--------+-----+--------+

Top non-repeatable levels by time:
    D:12: 3482 daAuts
    D:11: 2806 daAuts
     D:5: 2680 daAuts
     D:9: 2457 daAuts
    D:10: 2182 daAuts
     D:7: 2127 daAuts
     D:8: 1917 daAuts
  Lair:1: 1827 daAuts
  Lair:4: 1545 daAuts
  Lair:5: 1507 daAuts
  Lair:3: 1488 daAuts
     D:6: 1329 daAuts
     D:3: 1304 daAuts
     D:1: 1223 daAuts
    D:13: 1144 daAuts
